 Dungeon Crawl Stone Soup version 0.25-a0-156-g0c4bda3fdf (webtiles) character file.

Game seed: 14289426549459984064, levelgen mode: deterministic

163 vurker the Skirmisher (level 5, -6/63 HPs)
             Began as a Formicid Abyssal Knight on Nov 20, 2019.
             Was a Believer of Lugonu.
             Killed by divine providence
             ... invoked by an orc priest
              (10 damage)
             ... on level 4 of the Dungeon.
             The game lasted 00:06:00 (4849 turns).

vurker the Skirmisher (Formicid Abyssal Knight)     Turns: 4849, Time: 00:06:00

Health: -6/63      AC: 22    Str: 17    XL:     5   Next: 72%
Magic:  16/16      EV:  2    Int: 12    God:    Lugonu [**....]
Gold:   174        SH: 12    Dex: 15    Spells: 4/4 levels left

rFire    . . .     SeeInvis .   a - +1 hand axe
rCold    . . .     Gourm    .   n - +0 large shield
rNeg     + + +     Faith    .   (armour currently unavailable)
rPois    +         Spirit   .   (helmet unavailable)
rElec    .         Reflect  .   (cloak currently unavailable)
rCorr    .         Harm     .   (gloves currently unavailable)
MR       .....                  (boots currently unavailable)
Stlth    ++........             (no amulet)
HPRegen  0.20/turn              g - ring of magical power
MPRegen  0.15/turn              (no ring)

@: agile, tree-form
A: permanent stasis, dig shafts and tunnels, four strong arms
a: Depart the Abyss, Bend Space, Renounce Religion


You were on level 4 of the Dungeon.
You worshipped Lugonu.
Lugonu was pleased with you.
You were not hungry.
You were a tree.
You visited 1 branch of the dungeon, and saw 4 of its levels.
You visited the Abyss 1 time.

You collected 174 gold pieces.

Inventory:

Hand Weapons
 a - a +1 hand axe (weapon)
Armour
 j - a scarf of resistance (melded)
   (You found it on level 2 of the Dungeon)
 m - a +0 chain mail (melded)
   (You found it on level 2 of the Dungeon)
 n - a +0 large shield (worn)
   (You found it on level 2 of the Dungeon)
Jewellery
 g - a ring of magical power (left branch)
   (You found it on level 1 of the Dungeon)
Wands
 h - a wand of scattershot (2)
   (You found it on level 2 of the Dungeon)
Scrolls
 k - 2 scrolls of remove curse
Potions
 c - a potion of curing {unknown}
 i - a potion of flight
 l - a potion of heal wounds {unknown}
 q - a potion of invisibility {unknown}
Comestibles
 d - 3 chunks of flesh
 e - 8 rations


   Skills:
 + Level 4.3 Fighting
 * Level 4.0 Axes
 - Level 2.1 Armour
 - Level 0.8 Dodging
 + Level 1.0 Shields
 + Level 3.5 Invocations


You had 4 spell levels left.
You didn't know any spells.
Your spell library was empty.

Dungeon Overview and Level Annotations

Branches:
Dungeon (4/15)             Temple (0/1) D:4

Altars:
Gozag
Okawaru
Xom

Shops:
D:3 *


Innate Abilities, Weirdness & Mutations

You cannot be hasted, slowed, berserked, paralysed or teleported.
You can dig through walls and to a lower floor.
Your four strong arms can wield two-handed weapons with a shield.
((You have a pair of large antennae on your head. (SInv)))


Message History

Lugonu accepts your kill. You block something's attack.
You block the orc's attack.
The orc priest calls upon Beogh to heal the orc.
The orc's wounds heal themselves!
Your shield prevents you from hitting the orc priest.
You hit the orc.
Your shield prevents you from hitting something.
Something hits you but does no damage. You block the orc's attack.
You block the orc priest's attack. Something hits you but does no damage.
It was a potion of berserk rage.
Your stasis prevents you from going berserk.
The orc hits you with a +0 flail.
* * * LOW HITPOINT WARNING * * *
You block the orc priest's attack. Something hits you but does no damage.
You hit the orc priest but do no damage.
You miss something. You hit the orc.
You kill the orc!
Lugonu accepts your kill.
The orc priest hits you but does no damage.
Something hits you but does no damage.
You closely miss the orc priest. You hit something but do no damage.
You block the orc priest's attack. Something hits you but does no damage.
You hit the orc priest but do no damage.
You barely miss something. You block the orc priest's attack.
Something hits you but does no damage. Something hits you but does no damage.
The orc priest hits you but does no damage.
You hit the orc priest. You closely miss something.
Something hits you but does no damage. You block the orc priest's attack.
You hit the orc priest. You closely miss something.
Something hits you but does no damage. You block the orc priest's attack.
Aim: an orc priest, wielding a +0 hand axe and wearing a +0 ring mail (heavily wounded)
The burst of metal fragments hits the orc priest.
The burst of metal fragments hits the orc priest but does no damage.
Something hits you but does no damage. You block the orc priest's attack.
Aim: an orc priest, wielding a +0 hand axe and wearing a +0 ring mail (severely wounded)
The burst of metal fragments hits the orc priest but does no damage. x2
You block the worm's attack. Something hits you but does no damage.
Aim: an orc priest, wielding a +0 hand axe and wearing a +0 ring mail (severely wounded)
The burst of metal fragments hits the orc priest but does no damage. x3
The orc priest mumbles some strange prayers to Beogh against you.
Beogh smites you!
You die...

. .. #. #.#
###########
####..##...##....#
..........##.(..#
.#.#.#.#.#........#
.......)........###
#....w♣.#..>...#
......{o........#
.#...>...#......#
...............######{
.#.......#....#.(...#{
.............##.....#{
.#.#.#.#.#..###.....#{
........(..# #.....#
.#####.# #.....#


You could see a worm and an orc priest.

Vanquished Creatures
  A worker ant (D:4)
  3 adders (D:2)
  2 oozes (D:2)
  3 worms
  A dart slug (D:2)
  4 leopard geckos
  6 orcs (D:4)
  2 ball pythons
  3 giant cockroaches
  10 goblins
  12 hobgoblins
  3 quokkas
  7 bats
  6 frilled lizards
  8 kobolds
  A leopard gecko skeleton (D:4)
  13 rats
85 creatures vanquished.

Notes
Turn   | Place    | Note
-------+----------+-------------------------------------------
     0 | Abyss:1  | vurker the Formicid Abyssal Knight began the quest for the
                  | Orb.
     0 | Abyss:1  | Reached XP level 1. HP: 18/18 MP: 2/2
    62 | D:1      | Escaped the Abyss
   362 | D:1      | Reached XP level 2. HP: 10/24 MP: 3/3
  1090 | D:1      | Reached XP level 3. HP: 28/29 MP: 4/4
  2142 | D:2      | Reached ** piety under Lugonu
  2233 | D:2      | Reached XP level 4. HP: 20/37 MP: 6/6
  2770 | D:2      | Found a shimmering altar of Xom.
  2773 | D:2      | Found a shimmering altar of Xom.
  2775 | D:2      | Found a shimmering altar of Xom.
  2775 | D:2      | Found a shimmering altar of Xom.
  2775 | D:2      | Found a shimmering altar of Xom.
  2784 | D:2      | Found a shimmering altar of Xom.
  2784 | D:2      | Found a shimmering altar of Xom.
  2785 | D:2      | Found a shimmering altar of Xom.
  3698 | D:3      | Reached XP level 5. HP: 40/42 MP: 7/7
  3906 | D:3      | Found Gozag's Platinum Reserve.
  3914 | D:3      | Found an opulent altar of Gozag.
  4429 | D:4      | Found an iron altar of Okawaru.
  4682 | D:4      | Reached skill level 1 in Shields
  4815 | D:4      | Found a staircase to the Ecumenical Temple.
  4841 | D:4      | HP: 3/63 [orc/+0 flail (5)]
  4849 | D:4      | Killed from afar by an orc priest

Levels and vault maps discovered:
D:1:      psy_arrival_radial01, layout_basic, serial_glass, glass_columns_c,
          glass_columns_b, minmay_pentomino_r2
D:2:      layout_basic, xom_redecorated, first_ration
D:3:      layout_loops_ring, nicolae_gozag_zags_fifth_avenue, kennysheep_donut
D:4:      layout_rooms, okawaru_ov_weapons_minmay, old_standard_altar,
          minmay_temple_entry_glass

Skill      XL: |  1  2  3  4  5 |
---------------+----------------+-----
Axes           | 3 4 |  4.0
Invocations    | 3 |  3.5
Fighting       | 4 |  4.3
Shields        | 1 |  1.0
Armour         | |  2.1
Dodging        | |  0.8

Action                   |  1- 3 |  4- 6 || total
-------------------------+-------+-------++-------
Melee: Hand axe          |   132 |   170 ||   302
Evoke: Wand              |       |     3 ||     3
  Use: Scroll            |     4 |     5 ||     9
       Potion            |       |     3 ||     3
  Eat: Chunk             |     3 |    10 ||    13
Armor: Leather armour    |    42 |    11 ||    53
       Chain mail        |       |    56 ||    56
       Skin              |       |    17 ||    17
Dodge: Dodged            |    94 |    41 ||   135
Block: Large shield      |       |    89 ||    89

Table legend:
 A = Non-vault XP
 B = Vault XP
 C = Vault XP percentage of total XP
 D = Non-vault monster count
 E = Vault monster count
 F = Vault count percentage of total count
                 A         B        C        D         E       F
            +---------+---------+-------+---------+---------+-------
      Total |     230 |       3 |   1.3 |      83 |       2 |   2.4
            +---------+---------+-------+---------+---------+-------
        D:1 |      36 |       3 |   7.7 |      26 |       2 |   7.1
        D:2 |      97 |       0 |   0.0 |      28 |       0 |   0.0
        D:3 |      39 |       0 |   0.0 |      19 |       0 |   0.0
        D:4 |      58 |       0 |   0.0 |      10 |       0 |   0.0
            +---------+---------+-------+---------+---------+-------
